General information
- name: BNet
- type: Ladder team game (AT/RT)
- host: Battle.net
- saver: sexbysurprise
map: GolemsInTheMist
- players: 8
- length: 51:11
- speed: Fast
- version: 1.28 W3XP
- replay type: Public
» download(469 KB)
Players
team 1 (loser)
czefs (
pink | 94 APM | 3472 actions | 36:59)
5 Keeper of the Grove
3 Force of Nature
1 Entangling Roots
1 Thorns Aura
4 Priestess of the Moon
2 Trueshot Aura
2 Scout
» actions
| Assign group hotkey | 35 | |
| Basic commands | 111 | |
| Build / train | 84 | |
| Enter build submenu | 24 | |
| Enter hero's abilities submenu | 9 | |
| Remove unit from queue | 5 | |
| Right click | 954 | |
| Select / deselect | 253 | |
| Select group hotkey | 1936 | |
| Use ability | 61 | |
3472 total
» units
| Wisp | 9 | |
| Archer | 18 | |
| Hippogryph | 30 | |
57 total
» upgrades
| Moon Armor | 1 | |
| Improved Bows | 1 | |
| Strength of the Moon | 1 | |
| Strength of the Wild | 1 | |
| Reinforced Hides | 1 | |
| Hippogryph Taming | 1 | |
| Marksmanship | 1 | |
7 total
» buildings
| Moon Well | 9 | |
| Altar of Elders | 2 | |
| Ancient of War | 1 | |
| Ancient of Wonders | 1 | |
| Tree of Ages | 1 | |
| Tree of Life | 3 | |
| Hunter's Hall | 1 | |
| Ancient of Wind | 1 | |
| Tree of Eternity | 1 | |
| Chimaera Roost | 1 | |
21 total
» build order
00:24 Moon Well
00:48 Altar of Elders
01:06 Ancient of War
01:25 Moon Well
01:47 Moon Well
02:15 Ancient of Wonders
04:49 Tree of Ages
06:03 Tree of Life
06:13 Moon Well
06:28 Hunter's Hall
06:34 Moon Well
08:10 Ancient of Wind
08:59 Tree of Eternity
11:22 Chimaera Roost
11:27 Moon Well
12:32 Moon Well
14:37 Moon Well
15:40 Moon Well
25:04 Tree of Life
27:43 Tree of Life
36:13 Altar of Elders
» items
WITCHER-SHELL (
teal | 64 APM | 3275 actions | 51:10)
6 Blademaster
3 Wind Walk
2 Critical Strike
1 Bladestorm
» actions
| Assign group hotkey | 37 | |
| Basic commands | 77 | |
| Build / train | 72 | |
| Enter build submenu | 34 | |
| Enter hero's abilities submenu | 6 | |
| Give item / drop item | 9 | |
| Remove unit from queue | 3 | |
| Right click | 1504 | |
| Select / deselect | 339 | |
| Select group hotkey | 1105 | |
| Use ability | 87 | |
3275 total
» units
| Peon | 10 | |
| Goblin Shredder | 2 | |
| Troll Batrider | 9 | |
| Goblin Zeppelin | 2 | |
| Wind Rider | 7 | |
| Goblin Sapper | 5 | |
| Raider | 1 | |
| Demolisher | 2 | |
38 total
» upgrades
| Reinforced Defenses | 1 | |
| Liquid Fire | 1 | |
| Ranged Weapons | 2 | |
| Armor | 2 | |
| Ensnare | 1 | |
| Pillage | 1 | |
| Envenomed Spears | 1 | |
| Burning Oil | 1 | |
10 total
» buildings
| Altar of Storms | 1 | |
| Orc Burrow | 8 | |
| War Mill | 2 | |
| Voodoo Lounge | 1 | |
| Stronghold | 2 | |
| Great Hall | 2 | |
| Watch Tower | 16 | |
| Fortress | 1 | |
| Beastiary | 5 | |
| Barracks | 4 | |
42 total
» build order
00:19 Altar of Storms
00:23 Orc Burrow
00:48 War Mill
01:29 Voodoo Lounge
02:32 Stronghold
02:32 Stronghold
02:36 Orc Burrow
03:03 Orc Burrow
04:55 Great Hall
05:06 Watch Tower
05:09 Watch Tower
05:19 Fortress
05:41 Watch Tower
05:50 Beastiary
06:22 Watch Tower
06:24 Watch Tower
06:26 Watch Tower
06:59 Orc Burrow
07:19 Beastiary
07:25 Beastiary
07:30 Beastiary
08:10 Orc Burrow
09:03 Watch Tower
09:04 Watch Tower
09:09 Watch Tower
09:13 Watch Tower
10:18 Watch Tower
10:23 Watch Tower
11:30 Watch Tower
11:41 Watch Tower
14:07 Orc Burrow
14:38 Beastiary
16:31 Orc Burrow
16:31 Orc Burrow
17:30 Watch Tower
17:35 Watch Tower
27:07 Great Hall
29:00 War Mill
45:46 Barracks
45:46 Barracks
45:47 Barracks
47:49 Barracks
» items
| Healing Salve | 3 | |
| Orb of Lightning | 1 | |
| Potion of Mana | 2 | |
| Scroll of Town Portal | 2 | |
| Tiny Great Hall | 1 | |
9 total

»
turthuge (
orange | 65 APM | 2904 actions | 44:39)
5 Crypt Lord
2 Carrion Beetles
3 Spiked Carapace
3 Death Knight
2 Unholy Aura
1 Death Coil
» actions
| Assign group hotkey | 36 | |
| Basic commands | 12 | |
| Build / train | 74 | |
| Enter build submenu | 29 | |
| Enter hero's abilities submenu | 8 | |
| Give item / drop item | 1 | |
| Right click | 1500 | |
| Select / deselect | 561 | |
| Select group hotkey | 626 | |
| Use ability | 57 | |
2904 total
» units
| Acolyte | 7 | |
| Ghoul | 3 | |
| Crypt Fiend | 20 | |
| Abomination | 9 | |
| Obsidian Statue | 1 | |
| Wisp | 3 | |
43 total
» upgrades
| Creature Attack | 3 | |
| Creature Carapace | 2 | |
| Web | 1 | |
| Unholy Armor | 2 | |
| Disease Cloud | 1 | |
9 total
» buildings
| Ziggurat | 10 | |
| Altar of Darkness | 1 | |
| Graveyard | 1 | |
| Crypt | 1 | |
| Nerubian Tower | 3 | |
| Tomb of Relics | 1 | |
| Spirit Tower | 3 | |
| Halls of the Dead | 1 | |
| Slaughterhouse | 2 | |
| Black Citadel | 1 | |
| Sacrificial Pit | 1 | |
| Boneyard | 1 | |
| Ancient of War | 1 | |
| Tree of Ages | 1 | |
| Moon Well | 2 | |
30 total
» build order
00:10 Ziggurat
00:13 Altar of Darkness
00:37 Graveyard
01:00 Crypt
01:25 Ziggurat
01:33 Nerubian Tower
01:53 Tomb of Relics
02:31 Ziggurat
03:28 Spirit Tower
04:20 Nerubian Tower
04:29 Ziggurat
05:53 Halls of the Dead
08:08 Spirit Tower
08:10 Ziggurat
08:16 Slaughterhouse
08:19 Black Citadel
09:38 Slaughterhouse
11:15 Ziggurat
11:24 Ziggurat
15:16 Nerubian Tower
30:48 Ziggurat
30:50 Ziggurat
30:51 Ziggurat
32:20 Spirit Tower
32:23 Sacrificial Pit
33:42 Boneyard
40:11 Ancient of War
40:14 Tree of Ages
42:40 Moon Well
43:41 Moon Well
» items

»
BooOooOoo (
purple | 49 APM | 1321 actions | 27:08)
4 Keeper of the Grove
2 Force of Nature
2 Thorns Aura
3 Priestess of the Moon
2 Trueshot Aura
1 Searing Arrows
» actions
| Assign group hotkey | 16 | |
| Basic commands | 126 | |
| Build / train | 73 | |
| Enter build submenu | 21 | |
| Enter hero's abilities submenu | 7 | |
| Give item / drop item | 4 | |
| Right click | 590 | |
| Select / deselect | 349 | |
| Select group hotkey | 85 | |
| Use ability | 50 | |
1321 total
» units
| Wisp | 16 | |
| Archer | 12 | |
| Goblin Shredder | 1 | |
| Hippogryph | 11 | |
| Chimaera | 5 | |
45 total
» upgrades
| Strength of the Moon | 1 | |
| Moon Armor | 1 | |
| Strength of the Wild | 2 | |
| Hippogryph Taming | 1 | |
| Reinforced Hides | 3 | |
| Well Spring | 1 | |
9 total
» buildings
| Ancient of War | 2 | |
| Moon Well | 9 | |
| Altar of Elders | 1 | |
| Ancient of Wonders | 1 | |
| Hunter's Hall | 1 | |
| Tree of Ages | 1 | |
| Tree of Life | 1 | |
| Ancient Protector | 1 | |
| Ancient of Wind | 2 | |
| Tree of Eternity | 1 | |
| Chimaera Roost | 2 | |
22 total
» build order
00:22 Ancient of War
00:34 Moon Well
01:04 Altar of Elders
01:39 Moon Well
01:58 Ancient of Wonders
02:26 Moon Well
02:38 Moon Well
03:27 Hunter's Hall
04:01 Tree of Ages
05:23 Tree of Life
05:29 Moon Well
05:33 Moon Well
05:39 Ancient Protector
08:06 Ancient of Wind
08:09 Ancient of Wind
09:11 Tree of Eternity
10:52 Moon Well
10:54 Moon Well
11:15 Moon Well
11:57 Chimaera Roost
11:59 Chimaera Roost
16:35 Ancient of War
» items
| Scroll of Town Portal | 3 | |
| Potion of Healing | 2 | |
| Orb of Venom | 2 | |
7 total
team 2 (winner)
theDarkWeb (
blue | 23 APM | 1196 actions | 51:10)
3 Tauren Chieftain
2 Endurance Aura
1 War Stomp
1 Paladin
1 Divine Shield
1 Mountain King
1 Bash
1 Blood Mage
1 Siphon Mana
» actions
| Basic commands | 78 | |
| Build / train | 29 | |
| ESC pressed | 1 | |
| Enter build submenu | 9 | |
| Enter hero's abilities submenu | 6 | |
| Give item / drop item | 6 | |
| Right click | 494 | |
| Select / deselect | 499 | |
| Use ability | 73 | |
1196 total
» units
» buildings
| Altar of Storms | 1 | |
| Orc Burrow | 2 | |
| Voodoo Lounge | 2 | |
| War Mill | 1 | |
| Great Hall | 1 | |
| Altar of Kings | 1 | |
| Lumber Mill | 1 | |
9 total
» build order
00:20 Altar of Storms
00:35 Orc Burrow
01:17 Voodoo Lounge
02:15 Orc Burrow
05:21 War Mill
11:48 Great Hall
15:45 Voodoo Lounge
25:50 Altar of Kings
30:07 Lumber Mill
» items
| Healing Salve | 4 | |
| Lesser Clarity Potion | 3 | |
| Scroll of Speed | 1 | |
| Orb of Corruption | 1 | |
| Scroll of Healing | 1 | |
10 total
sexbysurprise (
yellow | 95 APM | 4877 actions | 51:11)
9 Archmage
3 Summon Water Elemental
3 Brilliance Aura
1 Mass Teleport
2 Blizzard
» actions
| Assign group hotkey | 124 | |
| Basic commands | 514 | |
| Build / train | 206 | |
| ESC pressed | 20 | |
| Enter build submenu | 94 | |
| Enter hero's abilities submenu | 9 | |
| Give item / drop item | 4 | |
| Right click | 1205 | |
| Select / deselect | 658 | |
| Select group hotkey | 1636 | |
| Use ability | 407 | |
4877 total
» units
| Peasant | 15 | |
| Footman | 7 | |
| Goblin Shredder | 2 | |
| Goblin Zeppelin | 2 | |
| Dragonhawk Rider | 8 | |
| Gryphon Rider | 6 | |
| Rifleman | 1 | |
| Goblin Sapper | 5 | |
| Knight | 2 | |
| Sorceress | 5 | |
| Spell Breaker | 3 | |
| Priest | 1 | |
57 total
» upgrades
| Masonry | 3 | |
| Swords | 3 | |
| Armor | 3 | |
| Animal War Training | 1 | |
| Storm Hammers | 1 | |
| Cloud | 1 | |
| Sorceress Training | 2 | |
| Priest Training | 2 | |
| Plating | 3 | |
| Gunpowder | 3 | |
| Control Magic | 1 | |
| Magic Sentry | 1 | |
| Long Rifles | 1 | |
25 total
» buildings
| Altar of Kings | 1 | |
| Barracks | 3 | |
| Farm | 10 | |
| Arcane Vault | 1 | |
| Lumber Mill | 1 | |
| Keep | 2 | |
| Blacksmith | 1 | |
| Scout Tower | 80 | |
| Guard Tower | 76 | |
| Town Hall | 6 | |
| Arcane Tower | 2 | |
| Castle | 2 | |
| Gryphon Aviary | 2 | |
| Arcane Sanctum | 4 | |
191 total
» build order
00:46 Altar of Kings
00:53 Barracks
00:58 Farm
01:04 Farm
01:10 Farm
01:46 Arcane Vault
02:00 Lumber Mill
02:09 Farm
03:33 Keep
03:33 Keep
03:37 Farm
03:44 Farm
04:33 Blacksmith
04:48 Scout Tower
04:51 Scout Tower
05:23 Guard Tower
05:23 Guard Tower
06:17 Town Hall
06:19 Scout Tower
06:21 Scout Tower
06:25 Scout Tower
06:27 Scout Tower
06:29 Scout Tower
06:30 Scout Tower
06:31 Scout Tower
06:46 Guard Tower
06:47 Guard Tower
06:51 Arcane Tower
06:51 Arcane Tower
06:52 Guard Tower
06:52 Guard Tower
06:52 Guard Tower
07:01 Guard Tower
07:01 Guard Tower
07:15 Guard Tower
07:15 Guard Tower
07:24 Guard Tower
07:24 Guard Tower
07:25 Guard Tower
07:26 Guard Tower
08:13 Castle
08:13 Castle
08:15 Gryphon Aviary
08:25 Gryphon Aviary
09:20 Arcane Sanctum
10:52 Scout Tower
10:53 Scout Tower
10:56 Scout Tower
10:59 Scout Tower
11:03 Scout Tower
11:36 Guard Tower
11:36 Guard Tower
11:36 Guard Tower
11:42 Guard Tower
11:43 Guard Tower
12:58 Scout Tower
13:01 Scout Tower
13:02 Scout Tower
13:03 Scout Tower
13:06 Scout Tower
13:08 Scout Tower
13:11 Scout Tower
13:14 Scout Tower
13:21 Scout Tower
13:24 Scout Tower
13:27 Scout Tower
13:27 Scout Tower
13:51 Guard Tower
13:51 Guard Tower
13:55 Guard Tower
13:55 Guard Tower
13:57 Guard Tower
13:57 Guard Tower
14:21 Guard Tower
14:21 Guard Tower
14:27 Scout Tower
14:34 Guard Tower
14:41 Scout Tower
14:42 Scout Tower
14:47 Scout Tower
14:48 Scout Tower
15:04 Guard Tower
15:04 Guard Tower
15:11 Guard Tower
15:11 Guard Tower
15:11 Guard Tower
15:13 Guard Tower
15:14 Guard Tower
15:17 Scout Tower
15:18 Scout Tower
16:13 Town Hall
16:14 Scout Tower
16:15 Scout Tower
16:17 Scout Tower
16:18 Scout Tower
16:21 Scout Tower
16:22 Scout Tower
16:23 Scout Tower
16:24 Scout Tower
16:25 Scout Tower
16:27 Scout Tower
16:27 Scout Tower
17:01 Guard Tower
17:01 Guard Tower
17:04 Guard Tower
17:04 Guard Tower
17:06 Guard Tower
17:07 Guard Tower
17:15 Guard Tower
17:15 Guard Tower
17:15 Guard Tower
17:22 Scout Tower
17:32 Scout Tower
17:35 Scout Tower
17:36 Scout Tower
17:40 Scout Tower
17:41 Scout Tower
17:44 Scout Tower
17:47 Scout Tower
17:47 Scout Tower
18:06 Guard Tower
18:06 Guard Tower
18:08 Guard Tower
18:09 Guard Tower
18:09 Guard Tower
18:41 Guard Tower
18:41 Guard Tower
18:47 Guard Tower
18:47 Guard Tower
19:07 Guard Tower
19:08 Guard Tower
19:08 Guard Tower
19:08 Guard Tower
19:08 Guard Tower
19:19 Guard Tower
19:19 Guard Tower
19:19 Guard Tower
19:53 Scout Tower
19:54 Scout Tower
19:56 Scout Tower
20:48 Guard Tower
20:49 Guard Tower
20:52 Scout Tower
20:54 Scout Tower
22:47 Guard Tower
22:47 Guard Tower
22:47 Guard Tower
26:41 Town Hall
27:47 Scout Tower
27:48 Scout Tower
27:49 Scout Tower
27:51 Scout Tower
30:48 Arcane Sanctum
30:49 Arcane Sanctum
30:50 Arcane Sanctum
30:58 Barracks
31:00 Barracks
32:20 Farm
32:20 Farm
32:34 Farm
32:36 Farm
34:19 Town Hall
34:21 Scout Tower
34:22 Scout Tower
34:24 Scout Tower
34:25 Scout Tower
36:20 Town Hall
36:22 Scout Tower
36:23 Scout Tower
36:27 Scout Tower
36:28 Scout Tower
36:34 Scout Tower
36:36 Scout Tower
36:37 Scout Tower
36:39 Scout Tower
36:59 Guard Tower
36:59 Guard Tower
36:59 Guard Tower
38:07 Guard Tower
38:07 Guard Tower
39:06 Town Hall
39:08 Scout Tower
39:08 Scout Tower
39:09 Scout Tower
39:10 Scout Tower
39:11 Scout Tower
39:12 Scout Tower
40:09 Guard Tower
40:09 Guard Tower
44:39 Guard Tower
44:40 Guard Tower
» items
| Mechanical Critter | 3 | |
| Scroll of Town Portal | 3 | |
| Scroll of Healing | 1 | |
| Scroll of Regeneration | 2 | |
| Staff of Sanctuary | 1 | |
| Potion of Healing | 2 | |
| Orb of Fire | 1 | |
13 total
SEMEN4BREAKFAST (
green | 131 APM | 3143 actions | 23:57)
3 Mountain King
2 Storm Bolt
1 Bash
3 Blood Mage
1 Siphon Mana
2 Banish
1 Paladin
1 Holy Light
» actions
| Assign group hotkey | 361 | |
| Basic commands | 383 | |
| Build / train | 86 | |
| Enter build submenu | 39 | |
| Enter hero's abilities submenu | 7 | |
| Give item / drop item | 4 | |
| Remove unit from queue | 10 | |
| Right click | 742 | |
| Select / deselect | 1068 | |
| Select group hotkey | 301 | |
| Use ability | 142 | |
3143 total
» units
| Peasant | 10 | |
| Goblin Zeppelin | 1 | |
| Gryphon Rider | 7 | |
| Dragonhawk Rider | 5 | |
23 total
» upgrades
| Masonry | 3 | |
| Gunpowder | 0 | |
| Armor | 3 | |
| Swords | 2 | |
| Storm Hammers | 1 | |
| Cloud | 1 | |
10 total
» buildings
| Altar of Kings | 1 | |
| Lumber Mill | 1 | |
| Farm | 11 | |
| Scout Tower | 15 | |
| Arcane Tower | 1 | |
| Keep | 3 | |
| Blacksmith | 1 | |
| Arcane Vault | 3 | |
| Castle | 3 | |
| Gryphon Aviary | 2 | |
| Town Hall | 2 | |
| Guard Tower | 5 | |
48 total
» build order
00:09 Altar of Kings
00:22 Lumber Mill
00:49 Farm
01:12 Farm
01:27 Scout Tower
01:54 Arcane Tower
02:47 Keep
02:48 Keep
02:48 Keep
02:58 Blacksmith
03:02 Farm
03:04 Farm
03:37 Farm
03:56 Farm
04:14 Arcane Vault
04:46 Farm
05:24 Castle
05:24 Castle
05:24 Castle
05:33 Farm
06:02 Gryphon Aviary
06:12 Farm
06:22 Gryphon Aviary
09:28 Town Hall
11:37 Farm
11:49 Scout Tower
12:35 Farm
13:01 Scout Tower
13:02 Scout Tower
13:49 Guard Tower
13:58 Scout Tower
14:19 Scout Tower
14:19 Guard Tower
14:32 Scout Tower
14:33 Scout Tower
14:34 Guard Tower
14:47 Scout Tower
14:55 Scout Tower
15:41 Guard Tower
15:42 Scout Tower
15:59 Scout Tower
16:38 Guard Tower
16:41 Scout Tower
17:27 Arcane Vault
17:39 Arcane Vault
18:43 Scout Tower
20:52 Scout Tower
20:58 Town Hall
» items
| Scroll of Regeneration | 1 | |
| Lesser Clarity Potion | 5 | |
| Mechanical Critter | 1 | |
| Staff of Sanctuary | 6 | |
| Scroll of Speed | 3 | |
| Scroll of Town Portal | 2 | |
| Orb of Fire | 2 | |
| Potion of Healing | 1 | |
21 total
5morz (
red | 58 APM | 2611 actions | 44:51)
5 Death Knight
3 Death Coil
2 Unholy Aura
4 Lich
2 Frost Nova
2 Dark Ritual
» actions
| Assign group hotkey | 33 | |
| Basic commands | 193 | |
| Build / train | 58 | |
| Enter build submenu | 23 | |
| Enter hero's abilities submenu | 9 | |
| Remove unit from queue | 8 | |
| Right click | 1418 | |
| Select / deselect | 190 | |
| Select group hotkey | 619 | |
| Use ability | 60 | |
2611 total
» units
| Acolyte | 2 | |
| Ghoul | 5 | |
| Crypt Fiend | 8 | |
| Frost Wyrm | 6 | |
21 total
» upgrades
| Burrow | 1 | |
| Web | 1 | |
| Creature Carapace | 2 | |
| Creature Attack | 1 | |
5 total
» buildings
| Crypt | 1 | |
| Altar of Darkness | 2 | |
| Ziggurat | 10 | |
| Tomb of Relics | 2 | |
| Nerubian Tower | 2 | |
| Halls of the Dead | 1 | |
| Graveyard | 1 | |
| Black Citadel | 1 | |
| Sacrificial Pit | 1 | |
| Boneyard | 3 | |
| Spirit Tower | 3 | |
| Necropolis | 1 | |
28 total
» build order
00:22 Crypt
00:27 Altar of Darkness
00:43 Ziggurat
01:00 Tomb of Relics
01:25 Ziggurat
01:42 Nerubian Tower
01:43 Nerubian Tower
02:27 Halls of the Dead
02:58 Graveyard
04:28 Ziggurat
04:59 Black Citadel
05:02 Sacrificial Pit
05:20 Ziggurat
07:23 Boneyard
07:26 Boneyard
07:30 Spirit Tower
07:55 Boneyard
08:01 Ziggurat
08:15 Ziggurat
08:18 Ziggurat
10:35 Altar of Darkness
11:21 Spirit Tower
11:24 Ziggurat
12:11 Tomb of Relics
12:21 Spirit Tower
12:40 Ziggurat
17:28 Ziggurat
25:53 Necropolis
» items
| Rod of Necromancy | 2 | |
| Scroll of Town Portal | 3 | |
| Potion of Healing | 1 | |
6 total
Chat log
(00:09 / All) sexbysurprise: blue where you gettin your drugs? every market going down man
(00:26 / All) theDarkWeb: Costco
(00:36 / All) sexbysurprise: yeah can get some good shit there
(00:39 / All) SEMEN4BREAKFAST: gov't is racketeering medicines
(01:01 / All) SEMEN4BREAKFAST: dont you dare use natural herb, use synthetics that destroy your organs
(01:09 / Allies) 5morz: ty
(01:18 / All) sexbysurprise: herbs can be fucked up too
(01:31 / All) sexbysurprise: something isn't necessarily good or bad by being natural or synthetic
(01:53 / All) WITCHER-SHELL: i still dont get the hate on trump; hes more honest than any president we've ever had
(02:00 / All) SEMEN4BREAKFAST: true
(02:13 / All) WITCHER-SHELL: that doesn't mean hes not a dick, but still, hes more honest
(02:29 / All) SEMEN4BREAKFAST: obozo and dubwa worst ever
(02:44 / All) WITCHER-SHELL: dubwa?
(02:52 / All) SEMEN4BREAKFAST: king george
(03:43 / Allies) SEMEN4BREAKFAST: wont take ur shredder yel
(03:45 / Allies) SEMEN4BREAKFAST: waitin for next
(03:49 / Allies) sexbysurprise: ty man
(03:55 / Allies) sexbysurprise: i'll share lumb if I get spare
(03:58 / Allies) SEMEN4BREAKFAST: thx
(04:05 / Allies) SEMEN4BREAKFAST: ha
(05:32 / Allies) theDarkWeb: im feeding red
(05:37 / Allies) SEMEN4BREAKFAST: semen?
(07:17 / Allies) SEMEN4BREAKFAST: b
(07:20 / Allies) SEMEN4BREAKFAST: 2 keepers
(07:52 / Allies) theDarkWeb: make 1 more
(07:55 / Allies) theDarkWeb: boneyard
(08:09 / Allies) theDarkWeb: and more zigs
(08:42 / Allies) SEMEN4BREAKFAST: we nuke keepers?
(09:50 / Allies) SEMEN4BREAKFAST: wood?
(10:03 / Allies) SEMEN4BREAKFAST: wodo plz
(10:04 / Allies) SEMEN4BREAKFAST: thx
(10:35 / Allies) theDarkWeb: just hang in there
(10:45 / Allies) theDarkWeb: dont get ur wyrms killed
(12:01 / Allies) theDarkWeb: yellow
(12:03 / Allies) theDarkWeb: lay down eyes
(12:11 / Allies) sexbysurprise: k
(13:01 / Allies) theDarkWeb: more fiends
(13:07 / Allies) SEMEN4BREAKFAST: fucking bats
(13:09 / Allies) theDarkWeb: to kill those bats
(13:19 / Allies) 5morz: i got u
(13:42 / Allies) 5morz: whats the game plan now?
(13:48 / Allies) SEMEN4BREAKFAST: bats are gay
(15:00 / Allies) theDarkWeb: yellow join us?
(15:40 / Allies) SEMEN4BREAKFAST: fighjt
(15:46 / Allies) SEMEN4BREAKFAST: i got no tp
(15:48 / Allies) SEMEN4BREAKFAST: quit running
(15:50 / Allies) SEMEN4BREAKFAST: we lose
(15:54 / Allies) 5morz: b
(15:54 / Allies) 5morz: b
(16:00 / All) sexbysurprise: Noob team
(16:12 / All) BooOooOoo: i have worse here
(16:16 / All) BooOooOoo: orange and pink
(16:18 / All) BooOooOoo: are so
(16:19 / All) WITCHER-SHELL: somebodyd idnt pick up ankh
(16:19 / All) BooOooOoo: dumb
(16:53 / All) BooOooOoo: i didn't have to lose anything
(16:58 / All) BooOooOoo: if fuckingorange was her
(17:00 / All) BooOooOoo: ere
(17:00 / Allies) theDarkWeb: dont tp
(17:00 / Allies) theDarkWeb: dont
(17:08 / All) BooOooOoo: instead of heading to his fucking base
(17:13 / All) BooOooOoo: dumb whore
(17:18 / Allies) theDarkWeb: just wait red
(17:37 / Allies) theDarkWeb: ah fuck it
(17:38 / Allies) theDarkWeb: we lost
(17:54 / Allies) 5morz: why feed like tht?
(17:56 / Allies) theDarkWeb: lets hide by yellow towers
(18:24 / Allies) 5morz: b
(18:24 / Allies) 5morz: b
(18:24 / Allies) 5morz: b
(18:42 / All) WITCHER-SHELL: fuck u yellow
(18:59 / Allies) 5morz: tp?
(19:42 / All) WITCHER-SHELL: pruple is tking gg
(19:59 / All) theDarkWeb: good we might have a chance
(20:03 / All) theDarkWeb: i have 0 0 0
(20:18 / All) theDarkWeb: our idea of attack involves building towers
(20:27 / All) sexbysurprise: towers are the best offense
(20:38 / Allies) 5morz: ?
(20:50 / Allies) theDarkWeb: how about some tanks/mortar
(21:02 / Allies) sexbysurprise: hmm
(21:03 / Allies) theDarkWeb: use that
(21:05 / Allies) sexbysurprise: I'll have to think about it
(21:08 / Allies) theDarkWeb: to see what's going on
(21:09 / Allies) 5morz: hit mian
(21:16 / Allies) sexbysurprise: hang on a sec
(21:18 / Allies) sexbysurprise: eating a brownie
(21:18 / Allies) 5morz: oput if they tp
(21:23 / All) sexbysurprise: sec eating a snack
(21:25 / All) sexbysurprise: pp
(21:25 / Allies) theDarkWeb: dont
(21:27 / Allies) theDarkWeb: dont tp
(21:47 / Allies) theDarkWeb: turn into shades
(21:50 / Allies) theDarkWeb: make shades
(22:19 / Allies) theDarkWeb: use kabooomers
(22:22 / Allies) SEMEN4BREAKFAST: next
(22:35 / Allies) sexbysurprise: oops
(22:35 / Allies) theDarkWeb: try to get them to tp to expo
(22:37 / All) BooOooOoo: fuck you noob orange
(22:37 / Allies) sexbysurprise: blew the sappers up
(22:44 / All) BooOooOoo: look at what he is doing
(22:45 / All) BooOooOoo: lol
(22:52 / Allies) sexbysurprise: lumber plz
(23:24 / Allies) theDarkWeb: yellow share control
(23:27 / Allies) theDarkWeb: i';ll play ur units
(23:29 / Allies) theDarkWeb: u can build towers
(23:35 / Allies) sexbysurprise: towers are my units
(23:37 / All) BooOooOoo: fucking retard
(23:38 / All) BooOooOoo: orange
(23:40 / All) BooOooOoo: i told you
(23:42 / All) BooOooOoo: he is dumb
(23:46 / Allies) theDarkWeb: just tp out
(23:48 / All) SEMEN4BREAKFAST: ...
(23:49 / Allies) 5morz: b
(23:49 / Allies) 5morz: b
(23:49 / Allies) 5morz: b
(23:51 / All) SEMEN4BREAKFAST: yes run away
(23:54 / Allies) theDarkWeb: tp out
(23:54 / All) SEMEN4BREAKFAST: when we HAVE to fightr
(23:57 / All) SEMEN4BREAKFAST: smart
(24:02 / All) sexbysurprise: I have a real noob team
(24:11 / All) WITCHER-SHELL: purple is a tker so
(24:13 / Allies) theDarkWeb: good
(24:14 / Allies) theDarkWeb: gj
(24:28 / Allies) theDarkWeb: ehhe
(25:05 / Allies) theDarkWeb: give green some gold
(25:08 / All) sexbysurprise: Kill green's stuff, not mine
(25:08 / Allies) theDarkWeb: i'll play green
(25:12 / All) sexbysurprise: and I'll let you live for now
(25:15 / All) BooOooOoo: why did you help him
(25:16 / All) BooOooOoo: fucker
(25:16 / All) sexbysurprise: attack my stuff, you die
(25:24 / Allies) theDarkWeb: give green 2k
(25:33 / All) WITCHER-SHELL: purple tk
(25:34 / Allies) theDarkWeb: mk/pal/bm
(25:36 / Allies) sexbysurprise: k
(25:42 / Allies) 5morz: so what exactly is plan?
(26:08 / Allies) sexbysurprise: mine out the map
(26:36 / Allies) theDarkWeb: kill that
(26:39 / Allies) theDarkWeb: but look b4 u leap
(26:43 / Allies) 5morz: air only lets go
(26:50 / All) WITCHER-SHELL: asshole purple die
(27:13 / All) sexbysurprise: noobs
(28:17 / Allies) 5morz: hellp
(28:30 / Allies) theDarkWeb: eyllow
(28:32 / Allies) theDarkWeb: buy orb
(28:35 / Allies) theDarkWeb: for pal
(29:27 / Allies) 5morz: teal too many towers
(30:56 / Allies) 5morz: wtf r we doing lol
(31:03 / Allies) sexbysurprise: you are observing
(31:49 / All) sexbysurprise: bad idea
(32:24 / Allies) theDarkWeb: yellow
(32:29 / Allies) sexbysurprise: what
(32:30 / Allies) theDarkWeb: get tanks and mass tp in /out
(32:39 / Allies) 5morz: yeee
(32:41 / Allies) sexbysurprise: you're not the boss of me man
(32:44 / Allies) sexbysurprise: I play for fun
(32:45 / Allies) theDarkWeb: suggesting
(33:01 / Allies) theDarkWeb: teal massed wyvern
(33:35 / Allies) 5morz: oj losin all his units
(34:29 / Allies) theDarkWeb: here they come
(36:25 / All) sexbysurprise: I'm not gay oj
(36:40 / All) turthuge: cool
(36:44 / All) sexbysurprise: you sound like a homophobe
(36:46 / All) sexbysurprise: closet homo oj?
(36:53 / All) turthuge: you sound like a hacker =D
(36:55 / All) sexbysurprise: dont have to hide how much u love to suck cock
(37:00 / All) sexbysurprise: why
(37:04 / All) sexbysurprise: what makes u think I hack
(37:06 / All) 5morz: yellow actually carried bro
(37:10 / All) 5morz: lol
(37:23 / All) turthuge: cuz i didnt call you gay in all chat
(37:27 / All) sexbysurprise: yes you did
(37:45 / All) theDarkWeb: ur right
(37:47 / All) theDarkWeb: ytellow is gay
(37:49 / All) sexbysurprise: check the log
(37:56 / All) theDarkWeb: logs says -- gay
(37:58 / All) sexbysurprise: def said it in all chat
(38:01 / All) WITCHER-SHELL: what did yellow do
(38:07 / All) theDarkWeb: he's bsing
(38:26 / All) WITCHER-SHELL: you guys sure you didnt deserve it? Yellow was ur best player
(38:30 / Allies) 5morz: i see tht
(38:39 / All) theDarkWeb: we had to rally behind his non playing
(38:50 / All) sexbysurprise: what's it matter if I kill your units
(38:53 / All) sexbysurprise: you guys didn't do anything anyway
(39:00 / All) sexbysurprise: Useless allies
(39:03 / All) theDarkWeb: heh
(39:12 / All) 5morz: get over yourself lol
(39:19 / All) 5morz: you not getting paid to play this game bro
(39:22 / All) theDarkWeb: if we didn't attack and defend and help u attack
(39:27 / All) theDarkWeb: you would be game over
(39:37 / All) sexbysurprise: not sure about that
(39:50 / All) theDarkWeb: red just fly into their towers
(40:15 / All) WITCHER-SHELL: all i can say is, yellow seemed like ur best player
(40:27 / All) 5morz: ok well you guys have fun with w.e you doin
(40:33 / All) sexbysurprise: I don't even notice a difference after killing my allies
(40:37 / All) sexbysurprise: think they were just taking up space
(41:02 / All) theDarkWeb: all they have to do
(41:07 / All) theDarkWeb: is hex ur hero
(41:10 / All) theDarkWeb: and nuke him
(41:15 / All) theDarkWeb: and ur done
(41:16 / All) sexbysurprise: talking to yourself?
(41:18 / All) WITCHER-SHELL: who are u talking abou blue
(41:27 / All) theDarkWeb: nobody with a brain
(42:48 / All) WITCHER-SHELL: yellow what did blue do to piss you off like this
(43:29 / All) theDarkWeb: obviously
(43:35 / All) theDarkWeb: this was his gay plan all along...
(43:56 / All) theDarkWeb: he's good enough and your bad enough
(43:59 / All) theDarkWeb: and he's going to win
(44:15 / All) turthuge: wtf is teal doing?
(44:25 / All) theDarkWeb: swimming backwards
(44:27 / All) turthuge: you saw tat right
(44:29 / All) sexbysurprise: wtf are you doing
(44:29 / All) turthuge: what a tard
(44:30 / All) sexbysurprise: oj
(44:32 / All) theDarkWeb: i saw it
(44:33 / All) sexbysurprise: other than losing your cl?
(44:41 / All) sexbysurprise: lol
(44:48 / All) sexbysurprise: that's a ragequit if I ever saw one
(44:53 / All) WITCHER-SHELL: yellow is one of the best 4v4 players i've ever seen
(45:00 / All) theDarkWeb: omg
(45:06 / All) sexbysurprise: Blue
(45:09 / All) sexbysurprise: ready to lose?
(45:12 / All) sexbysurprise: you're the only one left
(45:13 / All) theDarkWeb: yes
(45:15 / All) theDarkWeb: im ready
(45:22 / All) sexbysurprise: I'm not, gonna go take a piss brb
(45:47 / All) theDarkWeb: yellow's not bothering to check the other mines
(45:51 / All) theDarkWeb: i think that's a clue
(45:58 / All) theDarkWeb: he's good
(46:01 / All) WITCHER-SHELL: yeap i kill afk players
(46:17 / All) theDarkWeb: no need to check what you can already see
(46:29 / All) WITCHER-SHELL: what u mean
(46:34 / All) theDarkWeb: i mean
(46:42 / All) theDarkWeb: he's likely hacking
(47:01 / All) sexbysurprise: I can reveal mines
(47:05 / All) sexbysurprise: or have my friend tell me where they are
(47:36 / All) WITCHER-SHELL: permission to attack your buildings, brother?
(47:42 / All) sexbysurprise: go ahead
(49:29 / All) sexbysurprise: OOPS
(49:35 / All) sexbysurprise: invised a couple knights to save them with low hp
(49:43 / All) sexbysurprise: and put them out of my control groups and left them on other end of the map